 Dungeon Crawl Stone Soup version 0.29-a0-973-gac7da5f7f0 (webtiles) character file.

Game seed: 13507268189066911492

26 spiderkeys the Trooper (level 3, -1/33 HPs)
             Began as a Hill Orc Fighter on Aug 1, 2022.
             Slain by a gnoll
             ... wielding a +0 flail
              (8 damage)
             ... on level 2 of the Dungeon.
             The game lasted 00:02:11 (941 turns).

spiderkeys the Trooper (Hill Orc Fighter)            Turns: 941, Time: 00:02:11

Health: -1/33      AC:  6    Str: 19 (20) XL:     3   Next: 8%
Magic:  3/3        EV:  9    Int:  7 (8)  God:
Gold:   26         SH:  4    Dex:  7 (10) Spells: 2/2 levels left

rFire   . . .      SeeInvis .   a - +0 war axe
rCold   . . .      Faith    .   c - +0 buckler
rNeg    . . .      Spirit   .   b - +0 scale mail
rPois   .          Reflect  .   (no helmet)
rElec   .          Harm     .   (no cloak)
rCorr   .          Rampage  .   (no gloves)
Will    .....                   (no boots)
Stlth   ..........              m - amulet of magic regeneration
HPRegen 0.11/turn               L - ring of flight
MPRegen 0.48/turn               (no ring)

@: mighty, attractive, flying
A: no striking features
a: no special abilities


You were on level 2 of the Dungeon.
You visited 1 branch of the dungeon, and saw 2 of its levels.

You collected 26 gold pieces.


   Skills:
 + Level 4.0 Fighting
 + Level 3.3 Axes
 + Level 3.6 Armour
 + Level 3.6 Shields


You had 2 spell levels left.
You didn't know any spells.
Your spell library contained the following spells:

 Spells                   Type           Power      Damage    Failure   Level
 Poisonous Vapours        Pois/Air       0%         N/A       95%         2
 Gell's Gravitas          Tloc           0%         N/A       99%         3
 Teleport Other           Tloc           0%         N/A       99%         3
 Corpse Rot               Necr/Pois/Air  0%         N/A       100%        4
 Dispersal                Tloc           0%         N/A       100%        6

Inventory:

Hand Weapons
 a - a +0 war axe (weapon)
Missiles
 i - 17 stones (quivered)
Armour
 b - a +0 scale mail (worn)
 c - a +0 buckler (worn)
 e - a +0 chain mail
   (You found it on level 1 of the Dungeon)
 j - a +0 leather armour
   (You found it on level 1 of the Dungeon)
 k - a +0 ring mail
   (You found it on level 1 of the Dungeon)
Jewellery
 m - an amulet of magic regeneration (around neck)
   (You found it on level 2 of the Dungeon)
 L - a ring of flight (left hand)
   (You found it on level 1 of the Dungeon)
Scrolls
 f - a scroll of torment {!r}

Dungeon Overview and Level Annotations

Branches:
Dungeon (2/15) Zot: 11035

Altars:

Shops:
D:1 ?==[[

.##.##.##.# #.#.#
.##.##.##.# #.#.##
.......##.# #.#..#
###.##....# #.##.#
##...#.#..### ####.##.#
#............ ..##.##.#
.......#..# #.##.##.#
..........# #.##.##.#
.<.....#..# #@##.##.#
#.....##..# ###g##.##.#
##...###..####.gr##.##.#
##.## #........g......#
#<. ........####.####
#... .)......# #.#
##.###.......# #.# ..
......... #.####
#......#. #.##.##


You could see 3 gnolls and a quokka.


Message History

A giant cockroach is nearby!
A giant cockroach is nearby!
You barely miss the giant cockroach. The giant cockroach closely misses you.
You block the giant cockroach's attack. 😕 HP[+1]
You closely miss the giant cockroach. The giant cockroach bites you. 😕 HP[-1]
You take 1 damage, and now have 31/33 hp.
A giant cockroach is nearby!
You closely miss the giant cockroach. The giant cockroach bites you.
The giant cockroach closely misses you. 😕 HP[-1]
You take 1 damage, and now have 30/33 hp.
You closely miss the giant cockroach.
The giant cockroach bites you but does no damage. x2
A giant cockroach is nearby!
You slash the giant cockroach!
You kill the giant cockroach!
No target in view!
No target in view!
n - a fuming dark potion 😎 HP[+3]
Your hp is fully restored (33).
A gnoll comes into view. It is wielding a +0 flail.
A gnoll is nearby!
A gnoll is nearby!
A gnoll comes into view. It is wielding a +0 spear.
The gnoll shouts!
A gnoll comes into view. It is wielding a +0 halberd.
The gnoll throws a throwing net.
The throwing net hits you.
You become entangled in the net!
You see here a throwing net {=f!f}.
You tear a large gash into the net.
The gnoll shouts!
A quokka comes into view.
You struggle against the net.
A hobgoblin comes into view.
Unknown command.
You rip the net and break free!
The hobgoblin shouts!
The gnoll hits you with a +0 flail. 😕 HP[-1]
You take 1 damage, and now have 32/33 hp. 😎 HP[+1]
Your hp is fully restored (33).
The gnoll attacks as you move away! The gnoll barely misses you.
You hit the gnoll. The gnoll hits you with a +0 flail.
The gnoll hits you with a +0 flail! 😮 HP[-13]
You take 13 damage, and now have 20/33 hp.
MASSIVE DAMAGE!! (PAUSE)
You hit the gnoll. You block the gnoll's attack.
The gnoll hits you with a +0 flail!
* * * LOW HITPOINT WARNING * * *
😨 HP[-7]
You take 7 damage, and now have 13/33 hp.
MASSIVE DAMAGE!! (PAUSE)
Okay, then.
Okay, then.
As you read the scroll labelled IHACWA UWKIE, it crumbles to dust.
It is a scroll of identify.
f - a scroll of torment You block the gnoll's attack. x2
Okay, then.
It was a potion of attraction.
You feel attractive to monsters. The gnoll closely misses you. x2
Okay, then.
It was a potion of curing.
You feel better.
The gnoll hits you from afar with a +0 halberd.
You block the gnoll's attack. 😮 HP[+4]
You regained 4 hp, and now have 17/33 hp.
It was a potion of degeneration.
There was something very wrong with that liquid.
You feel weakened.
You feel dopey.
You feel clumsy.
The gnoll hits you from afar with a +0 halberd.
* * * LOW HITPOINT WARNING * * *
The gnoll hits you with a +0 flail.
* * * LOW HITPOINT WARNING * * *
😨 HP[-2]
You take 2 damage, and now have 15/33 hp.
You feel very mighty all of a sudden. The gnoll barely misses you.
The gnoll hits you but does no damage.
You closely miss the gnoll. You block the gnoll's attack.
The gnoll barely misses you.
You hit the gnoll.
The gnoll hits you from afar with a +0 halberd.
* * * LOW HITPOINT WARNING * * *
The gnoll hits you with a +0 flail.
* * * LOW HITPOINT WARNING * * *
The gnoll hits you with a +0 flail.
* * * LOW HITPOINT WARNING * * *
The gnoll closely misses you. 😱 HP[-8]
You take 8 damage, and now have 7/33 hp.
MASSIVE DAMAGE!! (PAUSE)
You barely miss the gnoll. The gnoll closely misses you.
The gnoll hits you with a +0 flail!
You die...

Skill      XL: |  1  2 |
---------------+-------+-----
Axes           | 3 |  3.3
Fighting       | 4 |  4.0
Armour         | |  3.6
Shields        | |  3.6

Action                   || total
-------------------------++-------
Melee: War axe           ||    50
  Use: Potion            ||     4
       Scroll            ||     1
Armor: Scale mail        ||    16
Dodge: Dodged            ||    20
Block: Buckler           ||    14

Levels and vault maps discovered:
D:1:      minmay_arrival_five_plusses, layout_loops_cross, serial_shops,
          shop_fountains, nicolae_shop_trees, shop, nicolae_shop_hallway_plus,
          nicolae_shop_overgrown_old_shop, chequers_ecumenical_altar_island
D:2:      layout_loops_ring

Notes
Turn   | Place    | Note
-------+----------+-------------------------------------------
     0 | D:1      | spiderkeys the Hill Orc Fighter began the quest for the
                  | Orb.
     0 | D:1      | Reached XP level 1. HP: 19/19 MP: 1/1
     0 | D:1      | magus.rc [v1.11.3]
    63 | D:1      | Found Akkeq's Jewellery Boutique.
    79 | D:1      | You pick up a book of Vapours and begin reading...
    79 | D:1      | You add the spells Poisonous Vapours and Corpse Rot to your
                  | library.
   159 | D:1      | Found Ybamm's Magic Scroll Boutique.
   226 | D:1      | Found Tuowegej's Jewellery Boutique.
   240 | D:1      | Reached XP level 2. HP: 27/27 MP: 2/2
   246 | D:1      | Found Wutire Ocio's Armour Emporium.
   250 | D:1      | Found Teloro's Antique Armour Boutique.
   266 | D:1      | Reached skill level 3 in Axes
   593 | D:1      | Found a faded altar of an unknown god.
   696 | D:1      | Reached skill level 4 in Fighting
   698 | D:1      | You add the spells Gell's Gravitas, Teleport Other and
                  | Dispersal to your library.
   795 | D:2      | Reached XP level 3. HP: 31/33 MP: 3/3
   940 | D:2      | HP: 7/33 [gnoll/+0 flail (2)]
   941 | D:2      | Slain by a gnoll

Vanquished Creatures
  A dart slug (D:1)
  2 ball pythons (D:1)
  2 bats (D:1)
  3 endoplasms
  A giant cockroach (D:2)
  A goblin (D:1)
  A hobgoblin (D:1)
  3 jackals (D:1)
  4 kobolds
  A frilled lizard (D:2)
  A rat (D:1)
20 creatures vanquished.

Table legend:
 A = Non-vault XP
 B = Vault XP
 C = Vault XP percentage of total XP
 D = Non-vault monster count
 E = Vault monster count
 F = Vault count percentage of total count
                 A         B        C        D         E       F
            +---------+---------+-------+---------+---------+-------
      Total |      38 |       0 |   0.0 |      20 |       0 |   0.0
            +---------+---------+-------+---------+---------+-------
        D:1 |      31 |       0 |   0.0 |      16 |       0 |   0.0
        D:2 |       7 |       0 |   0.0 |       4 |       0 |   0.0
            +---------+---------+-------+---------+---------+-------

Illustrated notes

Table legend:
 A = Kills in this place as a percentage of kills in entire the game.
 B = Kills by you in this place as a percentage of kills by you in the entire game.
 C = Kills by friends in this place as a percentage of kills by friends in the entire game.
 D = Other kills in this place as a percentage of other kills in the entire game.
 E = Experience gained in this place as a percentage of experience gained in the entire game.
 F = Experience gained in this place divided by the number of levels of this place that you have seen.
                   A       B       C       D       E      F
               +-------+-------+-------+-------+-------+----------------------
         Total | 100.0 | 100.0 |   N/A |   N/A | 100.0 |  19.0
       Dungeon | 100.0 | 100.0 |   N/A |   N/A | 100.0 |  19.0
               +-------+-------+-------+-------+-------+----------------------

Table legend: (Time is in decaauts)
 A = Elapsed time spent in this place.
 B = Non-inter-level travel time spent in this place.
 C = Inter-level travel time spent in this place.
 D = Time resting spent in this place.
 E = Time spent auto-exploring this place.
 F = Levels seen in this place.
 G = Mean time per level.
                   A        B        C        D        E       F      G
               +--------+--------+--------+--------+--------+-----+--------+
         Total |    963 |    939 |     24 |      5 |    779 |   2 |  481.5 |
       Dungeon |    963 |    939 |     24 |      5 |    779 |   2 |  481.5 |
               +--------+--------+--------+--------+--------+-----+--------+

Top non-repeatable levels by time:
     D:1: 781 daAuts
     D:2: 181 daAuts
